 Dungeon Crawl Stone Soup version 0.27-a0-1565-gad902ab807 (webtiles) character file.

Game seed: 13774114166022276631

127 ezpacito the Skirmisher (level 4, -9/35 HPs)
             Began as a Demonspawn Abyssal Knight on July 16, 2021.
             Was a Believer of Lugonu.
             Killed by divine providence
             ... invoked by an orc priest
              (11 damage)
             ... on level 3 of the Dungeon.
             The game lasted 00:05:03 (4066 turns).

ezpacito the Skirmisher (Demonspawn Abyssal Knight) Turns: 4066, Time: 00:05:04

Health: -9/35      AC:  8    Str: 13    XL:     4   Next: 85%
Magic:  6/6        EV:  8    Int: 13    God:    Lugonu [**....]
Gold:   91         SH:  3    Dex: 13    Spells: 3/4 levels left

rFire    . . .     SeeInvis .   a - +1 hand axe
rCold    . . .     Faith    .   g - +0 buckler {rN+}
rNeg     + . .     Spirit   .   f - +0 scale mail
rPois    .         Reflect  .   (no helmet)
rElec    .         Harm     .   (no cloak)
rCorr    .         Rampage  .   (no gloves)
Will     .....                  (no boots)
Stlth    ..........             (no amulet)
HPRegen  0.11/turn              (no ring)
MPRegen  0.10/turn              (no ring)

@: mighty
A: slimy green scales 1
a: Renounce Religion, Depart the Abyss, Bend Space


You were on level 3 of the Dungeon.
You worshipped Lugonu.
Lugonu was pleased with you.
You visited 1 branch of the dungeon, and saw 3 of its levels.
You visited the Abyss 1 time.

You collected 91 gold pieces.

Inventory:

Hand Weapons
 a - a +1 hand axe (weapon)
Armour
 f - a +0 scale mail (worn)
 g - a +0 buckler of positive energy (worn)
Magical Staves
 e - a staff of poison
Scrolls
 b - a scroll of enchant armour {unknown}
 c - a scroll of amnesia
 i - a scroll of identify
 j - a scroll of holy word {unknown}


   Skills:
 + Level 3.2 Fighting
 + Level 2.2 Axes
 * Level 1.5 Staves
 + Level 2.1 Armour
 + Level 1.3 Dodging
 + Level 1.0 Stealth
 + Level 0.6 Shields
 + Level 0.6 Spellcasting
 + Level 0.7 Poison Magic
 + Level 3.2 Invocations
 + Level 1.1 Evocations


You had 3 spell levels left.
You knew the following spells:

 Your Spells              Type           Power      Damage    Failure   Level
a - Freeze                Ice            0%         1d3       91%         1

Your spell library contained the following spells:

 Spells                   Type           Power      Damage    Failure   Level
 Frozen Ramparts          Ice            0%         1d2       100%        3
 Hailstorm                Conj/Ice       0%         3d3       100%        4


Dungeon Overview and Level Annotations

Branches:
Dungeon (3/15)

Altars:
Dithmenos
Xom


Innate Abilities, Weirdness & Mutations

You are partially covered in slimy green scales. (AC +2)


Message History

You hit the orc.
The orc is almost dead.
The orc hits you but does no damage.
The orc priest mumbles some strange prayers to Beogh against you.
Beogh smites you! The orc barely misses you.
You slash the orc!
You kill the orc!
Lugonu accepts your kill.
You hit the orc.
The orc priest looks satisfied for a moment.
The orc barely misses you.
You hit the orc.
You kill the orc!
Lugonu accepts your kill.
You hit the orc.
The orc priest calls down the wrath of Beogh upon you.
Beogh smites you!
* * * LOW HITPOINT WARNING * * *
Your Stealth skill increases to level 1!
You feel better. The orc hits you but does no damage.
You feel very mighty all of a sudden. You block the orc's attack.
The orc priest hits you but does no damage.
The orc hits you with a +0 morningstar!
* * * LOW HITPOINT WARNING * * *
You block the orc's attack.
Things that are here:
a +0 dagger; an orc corpse You slash the orc priest!
The orc priest is almost dead.
You hit the orc.
Your scale mail prevents you from hitting the orc.
The orc priest hits you with a +0 club.
* * * LOW HITPOINT WARNING * * *
The orc hits you with a +0 morningstar.
* * * LOW HITPOINT WARNING * * *
The orc closely misses you.
The orc priest invokes the aid of Beogh against you.
Beogh smites you!
You die...

#######..##....#.###+##
...............#.#
....###..#>....#
.##.###..#.#####
.##............
........(.§.##.
......#$§_§##
###...#.o§§#
#...#@o§.§... #..
#o####### #.. ..# ..
...# ..... ......
..#.### ####.


You could see an orc priest and 2 orcs.

Vanquished Creatures
  An adder (D:2)
  4 gnolls (D:2)
  3 worms (D:2)
  A dart slug (D:2)
  3 orcs (D:3)
  9 endoplasms
  2 giant cockroaches (D:1)
  6 goblins
  3 hobgoblins (D:2)
  10 jackals
  3 quokkas (D:1)
  4 ball pythons
  3 bats
  3 frilled lizards
  4 kobolds
  3 rats (D:1)
62 creatures vanquished.

Notes
Turn   | Place    | Note
-------+----------+-------------------------------------------
     0 | Abyss:1  | ezpacito the Demonspawn Abyssal Knight began the quest for
                  | the Orb.
     0 | Abyss:1  | Reached XP level 1. HP: 18/18 MP: 2/2
   101 | Abyss:1  | Found a corrupted altar of Lugonu.
   143 | Abyss:1  | Found a corrupted altar of Lugonu.
   197 | Abyss:1  | Noticed a large abomination
   245 | Abyss:1  | Noticed a hellwing
   252 | D:1      | Escaped the Abyss
   366 | D:1      | Reached skill level 1 in Dodging
   676 | D:1      | Gained mutation: You are partially covered in slimy green
                  | scales. (AC +2) [demonic ancestry]
   676 | D:1      | Reached XP level 2. HP: 10/24 MP: 3/3
   848 | D:1      | Found a faded altar of an unknown god.
   921 | D:1      | Reached * piety under Lugonu
  1532 | D:1      | Reached skill level 1 in Staves
  1594 | D:1      | Reached XP level 3. HP: 21/29 MP: 5/5
  2366 | D:2      | Found a shimmering altar of Xom.
  2587 | D:2      | Reached XP level 4. HP: 18/35 MP: 6/6
  2590 | D:2      | Reached skill level 1 in Evocations
  2596 | D:2      | Learned a level 1 spell: Freeze
  3492 | D:2      | Reached ** piety under Lugonu
  4047 | D:3      | Found a shadowy altar of Dithmenos.
  4063 | D:3      | Reached skill level 1 in Stealth
  4066 | D:3      | Killed from afar by an orc priest

Illustrated notes

Levels and vault maps discovered:
D:1:      dpeg_arrival_windows_large_door, layout_basic, basic_ecumenical_altar
D:2:      layout_basic, basic_altar, chequers_mini_garden
D:3:      layout_basic, grunt_dithmenos_smoke

Skill      XL: |  1  2  3  4 |
---------------+-------------+-----
Dodging        | 1 |  1.3
Staves         | 1 |  1.5
Armour         | 2 |  2.1
Axes           | 2 |  2.2
Invocations    | 3 |  3.2
Evocations     | 1 |  1.1
Stealth        | 1 |  1.0
Fighting       | |  3.2
Shields        | |  0.6
Spellcasting   | |  0.6
Poison Magic   | |  0.7

Action                   |  1- 3 |  4- 6 || total
-------------------------+-------+-------++-------
Melee: Staff             |    19 |       ||    19
       Hand axe          |   112 |    75 ||   187
Invok: Depart the Abyss  |     1 |       ||     1
  Use: Scroll            |     3 |       ||     3
       Potion            |     2 |     2 ||     4
 Stab: Sleeping          |     1 |       ||     1
Armor: Leather armour    |    61 |     4 ||    65
       Scale mail        |       |    22 ||    22
Dodge: Dodged            |    77 |    36 ||   113
Block: Buckler           |     4 |    13 ||    17

Table legend: (Time is in decaauts)
 A = Elapsed time spent in this place.
 B = Non-inter-level travel time spent in this place.
 C = Inter-level travel time spent in this place.
 D = Time resting spent in this place.
 E = Time spent auto-exploring this place.
 F = Levels seen in this place.
 G = Mean time per level.
                   A        B        C        D        E       F      G
               +--------+--------+--------+--------+--------+-----+--------+
         Total |   4111 |   4030 |     81 |    629 |   2809 |   4 | 1027.8 |
       Dungeon |   3859 |   3778 |     81 |    629 |   2648 |   3 | 1286.3 |
         Abyss |    252 |    252 |      0 |      0 |    161 |   1 |  252.0 |
               +--------+--------+--------+--------+--------+-----+--------+

Top non-repeatable levels by time:
     D:1: 1875 daAuts
     D:2: 1832 daAuts
 Abyss:1: 252 daAuts
     D:3: 150 daAuts
